 Dungeon Crawl Stone Soup version 0.31-a0-810-ga77100ea1a (webtiles) character file.

Game seed: 1165044039706277730

4576 Dittersdorf the Protected (level 10, -5/65 HPs)
             Began as a Gargoyle Fighter on Sept 21, 2023.
             Was an Initiate of Gozag.
             Slain by a two-headed ogre
             ... wielding a +0 giant club
              (9 damage)
             ... on level 9 of the Dungeon.
             The game lasted 00:15:27 (8997 turns).

Dittersdorf the Protected (Gargoyle Fighter)        Turns: 8997, Time: 00:15:28

Health: -5/65      AC: 21    Str: 23    XL:     10   Next: 41%
Magic:  10/10      EV: 12    Int: 10    God:    Gozag
Gold:   776        SH: 15    Dex:  9    Spells: 9/9 levels left

rFire   . . .        a - +1 flail (vamp)
rCold   . . .        c - +0 kite shield
rNeg    + . .        o - +0 chain mail
rPois   ∞            p - +0 helmet
rElec   +            B - +0 cloak
rCorr   .            (no gloves)
SInv    .            (no boots)
Will    .....        u - amulet of reflection Stlth
                     b - +5 ring of evasion
HPRegen 0.30/turn    (no ring)
MPRegen 0.12/turn

%: reflection
@: no status effects
A: sickness immunity, AC +7, negative energy resistance 1, electricity
resistance, torment resistance 1, petrification resistance
a: Renounce Religion, Potion Petition, Call Merchant, Bribe Branch


You were on level 9 of the Dungeon.
You worshipped Gozag.
Gozag was pleased with you.
You visited 2 branches of the dungeon, and saw 10 of its levels.
You also visited: Sewer.

You collected 905 gold pieces.
You paid 129 gold pieces to Gozag.

Inventory:

Hand Weapons
 a - a +1 vampiric flail (weapon)
 v - a +0 morningstar
Missiles
 w - a poisoned dart (quivered)
Armour
 c - a +0 kite shield (worn)
 o - a +0 chain mail (worn)
 p - a +0 helmet (worn)
 B - a +0 cloak (worn)
Jewellery
 b - a +5 ring of evasion (left hand)
 u - an amulet of reflection (around neck)
Wands
 g - a wand of digging (10)
 t - a wand of flame (11)
 y - a wand of paralysis (2)
Scrolls
 h - 6 scrolls of teleportation
 i - a scroll of poison
 m - a scroll of silence
 q - a scroll of fear
 z - 2 scrolls of revelation
Potions
 d - 3 potions of might
 e - 5 potions of ambrosia
 f - a potion of lignification {unknown}
 j - 3 potions of curing
 k - 3 potions of berserk rage {unknown}
 l - a potion of invisibility {unknown}
 n - 2 potions of magic
 r - a potion of haste
 s - 7 potions of enlightenment


   Skills:
 + Level 8.9 Fighting
 + Level 7.7 Maces & Flails
 + Level 8.9 Armour
 + Level 8.8 Shields


You had 9 spell levels left.
You didn't know any spells.
Your spell library contained the following spells:

 Spells                   Type           Power      Damage    Failure   Level
 Apportation              Tloc           0%         N/A       98%         1
 Slow                     Hex            0%         N/A       98%         1
 Sting                    Tmut/Pois      0%         1d3       98%         1
 Jinxbite                 Hex            0%         N/A       99%         2
 Poisonous Vapours        Pois/Air       0%         N/A       99%         2
 Call Canine Familiar     Summ           0%         N/A       100%        3
 Confusing Touch          Hex            0%         N/A       100%        3
 Sigil of Binding         Hex            0%         N/A       100%        3
 Vampiric Draining        Necr           0%         2d6       100%        3
 Volatile Blastmotes      Fire/Tloc      0%         2d10      100%        3
 Dimensional Bullseye     Hex/Tloc       0%         N/A       100%        4
 Fulminant Prism          Conj/Hex       0%         3d5       100%        4
 Iskenderun's Mystic Bla  Conj/Tloc      0%         2d3       100%        4
 Leda's Liquefaction      Hex/Erth       0%         N/A       100%        4
 Olgreb's Toxic Radiance  Pois           0%         N/A       100%        4
 Vhi's Electric Charge    Tloc/Air       0%         N/A       100%        4
 Alistair's Intoxication  Tmut/Pois      0%         N/A       100%        5
 Arcjolt                  Conj/Air       0%         1d10      100%        5
 Summon Forest            Summ/Tloc      0%         N/A       100%        5
 Summon Mana Viper        Hex/Summ       0%         N/A       100%        5
 Summon Cactus Giant      Summ           0%         N/A       100%        6
 Maxwell's Capacitive Co  Air            0%         ∞         100%        8


Dungeon Overview and Level Annotations

Branches:
Dungeon (9/15)             Temple (1/1) D:7           Sewer (visited)
   Lair: D:8-11         Orc: D:9-12

Altars:
Ashenzari
Cheibriados
Dithmenos
Elyvilon
Fedhas
Gozag
Hepliaklqana
Kikubaaqudgha
Makhleb
Nemelex Xobeh
Okawaru
Qazlal
Ru
Sif Muna
Trog
Uskayaw
Vehumet
Wu Jian
Xom
Yredelemnul
Zin
The Shining One

Annotations:
D:4 Blork the orc


Innate Abilities, Weirdness & Mutations

You are immune to sickness and miasma.
Your stone body is resilient. (AC +7)
You are immune to poison.
You resist negative energy. (rN+)
You are resistant to electric shocks. (rElec)
You are resistant to unholy torment.
You are immune to petrification.


Message History

The two-headed ogre is moderately wounded.
The two-headed ogre barely misses you.
The two-headed ogre hits you but does no damage.
Throw: 3 darts (poison)
Press: ? - help, Q - select action, (/) - cycle Shift-Dir - straight line, f/p - freezing wraith
Aim: a freezing wraith (moderately damaged, 56% to hit)
You throw a poisoned dart.
The poisoned dart hits the two-headed ogre.
The two-headed ogre looks even sicker.
The two-headed ogre is moderately wounded.
You block the two-headed ogre's attack. x2
The two-headed ogre hits you but does no damage.
The two-headed ogre hits you with a +0 giant club!
* * * LOW HITPOINT WARNING * * *
You feel yourself speed up.
The two-headed ogre attacks as it pursues you!
You block the two-headed ogre's attack. The two-headed ogre misses you.
The two-headed ogre looks more healthy.
The two-headed ogre attacks as it pursues you!
You block the two-headed ogre's attack.
The two-headed ogre hits you but does no damage.
The two-headed ogre attacks as it pursues you!
The two-headed ogre hits you but does no damage.
The two-headed ogre misses you.
The two-headed ogre attacks as it pursues you!
The two-headed ogre hits you with a +0 giant club!
* * * LOW HITPOINT WARNING * * *
The two-headed ogre closely misses you.
Throw: 2 darts (poison)
Press: ? - help, Q - select action, (/) - cycle Shift-Dir - straight line, f/p - freezing wraith
Aim: a freezing wraith (lightly damaged, 56% to hit)
You throw a poisoned dart.
The poisoned dart closely misses the two-headed ogre.
The poisoned dart hits the freezing wraith.
The freezing wraith is lightly damaged.
The two-headed ogre attacks as it pursues you!
The two-headed ogre misses you.
The two-headed ogre hits you with a +0 giant club!
You die...
Your body crumbles into a pile of gold.

.#.# #.# .... .#.#
#Y# .#.# #(# .#.#
### #Y# .#.# ##.##
#.# .#.# ##.#.##
#W# .#.###.###.##
#.# .#.......##.#
#O#
##..##.#.#.#####@#
##..###...###.####
..........##(##
#####.....###.#
##........# #.#
##.##.....###.#
#...##........#
....###..####.#
#...# #...###.#


You could see a two-headed ogre, a freezing wraith and 2 yaks.

Vanquished Creatures
  Pikel (D:3)
  Grinder (D:5)
  Prince Ribbit (D:5)
  A wraith (D:9)
  A vampire (D:9)
  6 yaks (D:9)
  Edmund (D:4)
  Menkaure (D:6)
  Duvessa (D:7)
  An orc warrior (D:9)
  3 sky beasts
  A black bear (D:8)
  An ogre (D:6)
  4 lemures
  A kobold brigand (D:7)
  2 bullfrogs
  9 wights
  Dowan (D:7)
  4 orc priests
  5 hounds
  A sleepcap (D:4)
  8 orc wizards
  4 iguanas
  8 gnolls (D:5)
  11 adders
  3 river rats (Sewer)
  A shadow imp (D:5)
  A white imp (D:6)
  An ufetubus (D:5)
  9 worms
  3 dart slugs (D:1)
  22 orcs
  12 bats
  5 endoplasms
  2 giant cockroaches
  13 goblins
  7 hobgoblins
  10 jackals
  13 kobolds
  2 quokkas (D:2)
  12 ball pythons
  9 frilled lizards
  15 rats
218 creatures vanquished.

Notes
Turn   | Place    | Note
-------+----------+-------------------------------------------
     0 | D:1      | Dittersdorf the Gargoyle Fighter began the quest for the
                  | Orb.
     0 | D:1      | Reached XP level 1. HP: 14/14 MP: 1/1
   183 | D:1      | Reached XP level 2. HP: 16/19 MP: 2/2
   519 | D:1      | Reached XP level 3. HP: 23/23 MP: 3/3
   983 | D:2      | Reached XP level 4. HP: 26/29 MP: 4/4
  1464 | D:2      | Found a faded altar of an unknown god.
  1642 | D:2      | Reached XP level 5. HP: 33/33 MP: 5/5
  2233 | D:3      | Reached XP level 6. HP: 29/39 MP: 6/6
  2946 | D:4      | Noticed Blork the orc
  3528 | D:4      | Noticed Pikel
  3654 | D:3      | Killed Pikel
  3655 | D:3      | Reached skill level 5 in Fighting
  3655 | D:3      | Reached skill level 5 in Armour
  3655 | D:3      | Reached skill level 5 in Shields
  3655 | D:3      | Reached XP level 7. HP: 9/44 MP: 7/7
  3883 | D:4      | Noticed Edmund
  3894 | D:4      | Killed Edmund
  3895 | D:4      | Reached XP level 8. HP: 32/51 MP: 8/8
  4349 | D:5      | Entered Level 5 of the Dungeon
  4349 | D:5      | Noticed Prince Ribbit
  4399 | D:5      | Reached skill level 5 in Maces & Flails
  4421 | D:5      | HP: 2/51 [Prince Ribbit (10)]
  4424 | D:5      | Killed Prince Ribbit
  4511 | D:5      | Noticed Grinder
  4512 | D:5      | Paralysed by Grinder for 4 turns
  4527 | D:5      | Paralysed by Grinder for 3 turns
  4533 | D:5      | Killed Grinder
  4764 | D:5      | Found a glowing drain.
  4792 | Sewer    | Entered a sewer
  5964 | D:6      | Noticed Menkaure
  5971 | D:6      | Killed Menkaure
  5972 | D:6      | Reached XP level 9. HP: 46/57 MP: 9/9
  6718 | D:7      | Found a staircase to the Ecumenical Temple.
  6719 | D:7      | Noticed Duvessa
  6719 | D:7      | Noticed Dowan
  6725 | Temple   | Entered the Ecumenical Temple
  6756 | Temple   | Became a worshipper of Gozag Ym Sagoz the Greedy
  6805 | D:7      | Killed Duvessa
  6820 | D:7      | Killed Dowan
  7247 | D:7      | Paralysed by a kobold brigand for 5 turns
  7258 | D:7      | Paralysed by a kobold brigand for 5 turns
  8382 | D:8      | Reached XP level 10. HP: 64/64 MP: 10/10
  8390 | D:8      | Found an iron altar of Okawaru.
  8789 | D:9      | Found a broken altar of Ashenzari.
  8807 | D:9      | Saw a vision of the Swamp and the Snake Pit.
  8807 | D:9      | Noticed a salamander
  8807 | D:9      | Noticed an eleionoma
  8808 | D:9      | Noticed a mana viper
  8808 | D:9      | Noticed a bog body
  8809 | D:9      | Noticed a naga warrior
  8809 | D:9      | Noticed a salamander
  8813 | D:9      | Noticed a mana viper
  8934 | D:9      | Noticed a two-headed ogre
  8987 | D:9      | HP: 1/65 [two-headed ogre/+0 giant club (14)]
  8997 | D:9      | Slain by a two-headed ogre

Illustrated notes

Levels and vault maps discovered:
D:1:      ncdulo_wetmaze, layout_loops_ring, serial_glass, glass_columns_c,
          glass_columns_a, glass_columns_c, glass_columns_a
D:2:      layout_loops_cross, ebering_ecumenical_altar_rust, minmay_hexomino_f4
D:3:      kennysheep_big_flooded_room, layout_loops_corners,
          minmay_misc_feat_more_columns
D:4:      layout_basic, uniq_blork_the_orc, uniq_pikel, uniq_edmund
D:5:      layout_loops_ring, cheibrodos_sewer_entry_bend, uniq_grinder,
          uniq_prince_ribbit1
D:6:      layout_loops_cross, uniq_menkaure
D:7:      layout_gridville, minmay_temple_entry_statues_pillars, minivault_27,
          uniq_duvessa
D:8:      layout_basic, kennysheep_okawaru_gauntlet
D:9:      minmay_cut_squares, layout_loops_ring, grunt_ashenzari_visionary
          [grunt_ashenzari_visionary_swamp, grunt_ashenzari_visionary_snake],
          david_orc_5, nzn_sisyphean_effort
Temple:   mainiacjoe_temple_big_plus

Skill      XL: |  1  2  3  4  5  6  7  8  9 |
---------------+----------------------------+-----
Armour         | 4 5 7 8 |  8.9
Fighting       | 4 5 7 8 |  8.9
Shields        | 4 5 7 8 |  8.8
Maces & Flails | 3 4 6 7 |  7.7

Action                     |  1- 3 |  4- 6 |  7- 9 | 10-12 || total
---------------------------+-------+-------+-------+-------++-------
  Melee: Flail             |   152 |   344 |   479 |   136 ||  1111
  Throw: Dart              |       |       |    24 |     8 ||    32
    Use: Scroll            |       |     7 |    10 |     1 ||    18
         Potion            |       |     1 |       |       ||     1
   Stab: Distracted        |       |       |       |     1 ||     1
 Armour: Scale mail        |   147 |   266 |     3 |       ||   416
         Chain mail        |       |       |   286 |    66 ||   352
  Dodge: Dodged            |    87 |   160 |   242 |    50 ||   539
  Block: Buckler           |    38 |    29 |       |       ||    67
         Kite shield       |       |    73 |   336 |    91 ||   500
         Reflection        |       |       |     5 |     2 ||     7

Table legend: (Time is in decaauts)
 A = Elapsed time spent in this place.
 B = Non-inter-level travel time spent in this place.
 C = Inter-level travel time spent in this place.
 D = Time resting spent in this place.
 E = Time spent auto-exploring this place.
 F = Levels seen in this place.
 G = Mean time per level.
                   A        B        C        D        E       F      G
               +--------+--------+--------+--------+--------+-----+--------+
         Total |   9491 |   8962 |    529 |    819 |   5136 |  11 |  862.8 |
       Dungeon |   8615 |   8144 |    471 |    819 |   4717 |   9 |  957.2 |
        Temple |     61 |      3 |     58 |      0 |      0 |   1 |   61.0 |
         Sewer |    814 |    814 |      0 |      0 |    418 |   1 |  814.0 |
               +--------+--------+--------+--------+--------+-----+--------+

Top non-repeatable levels by time:
     D:3: 1738 daAuts
     D:4: 951 daAuts
     D:1: 946 daAuts
     D:7: 933 daAuts
     D:5: 915 daAuts
     D:2: 913 daAuts
     D:6: 868 daAuts
   Sewer: 814 daAuts
     D:8: 758 daAuts
     D:9: 589 daAuts
  Temple: 61 daAuts
